 Dungeon Crawl Stone Soup version 0.31-a0-542-gdc2a67831c (webtiles) character file.

Game seed: 4776658933936144443

3633 heikuro the Cleaver (level 10, -13/73 (79) HPs)
             Began as a Formicid Fighter on Aug 15, 2023.
             Was an Initiate of Gozag.
             Killed by divine providence
             ... invoked by Jeremiah
              (16 damage)
             ... on level 7 of the Dungeon.
             The game lasted 00:18:10 (6585 turns).

heikuro the Cleaver (Formicid Fighter)              Turns: 6585, Time: 00:18:10

HP:   -13/73 (79)   AC: 19    Str: 24    XL:     10   Next: 33%
MP:   10/10         EV:  6    Int:  9    God:    Gozag
Gold: 1460          SH: 17    Dex: 13    Spells: 9/9 levels left

rFire   . . .        i - +7 hand axe of Conformity {flame, *Slow rC++}
rCold   + + .        A - +2 tower shield
rNeg    . . .        L - +0 chain mail
rPois   .            (helmet unavailable)
rElec   .            M - +2 cloak
rCorr   .            (no gloves)
SInv    +            r - +0 pair of boots
Will    +....        (no amulet) Stlth
                     (no ring)
HPRegen 0.32/turn    (no ring)
MPRegen 0.12/turn

%: slow self (1%)
@: drained, unable to read
A: permanent stasis, dig shafts and tunnels, antennae 3, four strong arms,
iridescent scales 2, inability to read after injury 1
a: Dig, Shaft Self, Renounce Religion, Potion Petition, Call Merchant, Bribe
Branch


You were on level 7 of the Dungeon.
You worshipped Gozag.
Gozag was most pleased with you.
You visited 2 branches of the dungeon, and saw 9 of its levels.
You also visited: Sewer.

You collected 1660 gold pieces.
You spent 200 gold pieces at shops.

Inventory:

Hand Weapons
 b - the +3 sling of Ignis's Delight {elec, Will- Str+4}
   (You found it on level 6 of the Dungeon)

   Str+4:     It affects your strength (+4).
   Will-:     It decreases your willpower.
 i - the +7 hand axe of Conformity (weapon) {flame, *Slow rC++}
   (You bought it in a shop on level 3 of the Dungeon)

   rC++:      It greatly protects you from cold.
   *Slow:     It may slow you when you take damage.
 s - a +1 dagger of venom
 O - a +3 battleaxe
Missiles
 k - 2 throwing nets
Armour
 r - a +0 pair of boots (worn)
 z - a scarf of repulsion
 A - a +2 tower shield (worn)
 L - a +0 chain mail (worn)
 M - a +2 cloak (worn)
Magical Staves
 D - the staff of the Dripping Wasp {rElec rF+ rN+ Str+3 Necro}
   (You found it on level 4 of the Dungeon)

   [staff of death]

   Base accuracy: +5 Base damage: 5 Base attack delay: 1.2 This weapon's minimum
   attack delay (0.6) is reached at skill level 12.
   Str+3:     It affects your strength (+3).
   rF+:       It protects you from fire.
   rElec:     It insulates you from electricity.
   rN+:       It protects you from negative energy.
   Necro:     It increases the power of your Necromancy spells.
   It falls into the 'Staves' category.
   It is a weapon for one hand-pair.
Wands
 l - a wand of digging (5)
 K - a wand of charming (21)
Scrolls
 a - 3 scrolls of enchant weapon {unknown}
 c - 2 scrolls of amnesia {unknown}
 m - 2 scrolls of revelation {unknown}
 n - 5 scrolls of vulnerability
 w - a scroll of silence {unknown}
 x - 2 scrolls of teleportation {unknown}
 y - 2 scrolls of fog {unknown}
 B - a scroll of fear {unknown}
 C - a scroll of brand weapon {unknown}
 E - 4 scrolls of butterflies {unknown}
 I - a scroll of enchant armour {unknown}
 J - 2 scrolls of immolation {unknown}
Potions
 d - 3 potions of might
 e - a potion of attraction
 f - 2 potions of invisibility
 g - 2 potions of lignification
 h - 2 potions of curing
 j - 2 potions of enlightenment
 o - a potion of ambrosia
 p - 2 potions of heal wounds
 q - 4 potions of brilliance
 t - 4 potions of mutation
 v - a potion of magic {unknown}
 F - a potion of degeneration {unknown}
 G - a potion of haste {unknown}
 H - 2 potions of cancellation


   Skills:
 + Level 7.2 Fighting
 * Level 8.6 Axes
 + Level 7.2 Armour
 + Level 8.4 Shields
 + Level 5.9 Evocations


You had 9 spell levels left.
You didn't know any spells.
Your spell library contained the following spells:

 Spells                   Type           Power      Damage    Failure   Level
 Apportation              Tloc           0%         N/A       100%        1
 Necrotise                Necr           0%         1d4       100%        1
 Sandblast                Erth           0%         2d4       100%        1
 Summon Small Mammal      Summ           0%         N/A       100%        1
 Lesser Beckoning         Tloc           0%         N/A       100%        2
 Momentum Strike          Conj/Tloc      0%         3d8       100%        2
 Passwall                 Tmut/Erth      0%         N/A       100%        2
 Poisonous Vapours        Pois/Air       0%         N/A       100%        2
 Call Canine Familiar     Summ           0%         N/A       100%        3
 Inner Flame              Hex/Fire       0%         N/A       100%        3
 Mephitic Cloud           Conj/Pois/Air  0%         N/A       100%        3
 Stone Arrow              Conj/Erth      0%         3d7       100%        3
 Summon Guardian Golem    Hex/Summ       0%         N/A       100%        3
 Flame Wave               Conj/Fire      0%         2d4       100%        4
 Sticky Flame             Conj/Fire      0%         2d3       100%        4
 Freezing Cloud           Conj/Ice/Air   0%         6-21      100%        5
 Blink                    Tloc           Unusable   N/A       N/A         2

Dungeon Overview and Level Annotations

Branches:
Dungeon (8/15)             Temple (1/1) D:7           Sewer (visited)
   Lair: D:8-11

Altars:
Ashenzari
Cheibriados
Dithmenos
Elyvilon
Fedhas
Gozag
Hepliaklqana
Kikubaaqudgha
Makhleb
Nemelex Xobeh
Okawaru
Qazlal
Ru
Sif Muna
Trog
Uskayaw
Vehumet
Wu Jian
Xom
Yredelemnul
Zin
The Shining One

Shops:
D:3 *   D:6 =

Annotations:
D:7 Jeremiah


Innate Abilities, Weirdness & Mutations

You cannot be hasted, slowed, berserked, paralysed or teleported.
You can dig through walls and to a lower floor.
You have a pair of large antennae on your head. (SInv)
Your four strong arms can wield two-handed weapons with a shield.
You are mostly covered in iridescent scales. (AC +4)
You occasionally lose the ability to read scrolls when taking damage.


Message History

Jeremiah throws their arms up pleadingly.
Something smites you!
You feel threatened and lose the ability to read scrolls!
You are too injured to fight recklessly!
Jeremiah hops!
You are too injured to fight recklessly!
You slash the butterfly! You burn the butterfly.
You kill the butterfly!
The butterfly disappears in a burst of colours!
Jeremiah hops!
Jeremiah's eyes close briefly, then snap open.
You are too injured to fight recklessly!
A steam dragon comes into view.
You can read scrolls again.
The butterfly disappears in a burst of colours!
You are too injured to fight recklessly!
You slash the butterfly! You burn the butterfly.
You kill the butterfly!
The butterfly disappears in a burst of colours!
Jeremiah lets out a twisted cry.
Something smites you!
* * * LOW HITPOINT WARNING * * *
The steam dragon breathes steam at you.
The ball of steam hits the butterfly!
The butterfly dies!
The butterfly disappears in a burst of colours!
The ball of steam hits the butterfly!
The butterfly dies!
The butterfly disappears in a burst of colours!
The ball of steam hits you!
* * * LOW HITPOINT WARNING * * *
Unknown command.
Unknown command.
You extend your mandibles.
Unknown command.
Jeremiah lets out a twisted cry.
Something smites you!
You feel threatened and lose the ability to read scrolls!
You die...
Your body crumbles into a pile of gold.

......# #.....# #.....# #D.§..#
# #### #.....######{....# #.#..
#............b.b.# #####.#.# ##
........... ..{bb' .......>###.#
..........##...§.#,#####.#.....#
...##........# #§# # #..#..#
...##........# #§# #..#.##
...##.###.{..###@# #..#.# .####
#.......##b#,##### #..#.#
....###.##.##.##.#....b. #..#.#
.....#.........#bb.# #..#.###
...............bFb.+ ...#....
.....#..⌠...⌠..#b..# #####
#....#.........#..b+
#.........>......b.#
#...##.........#...+


You could see Jeremiah.

Vanquished Creatures
  Pikel (D:7)
  3 water moccasins
  An orc warrior (D:7)
  A sky beast (D:7)
  An ice beast (D:6)
  An ogre (D:4)
  A black bear (D:5)
  6 centaurs
  A phantom (D:6)
  2 lemures (D:7)
  3 bullfrogs (D:6)
  3 kobold brigands
  A gnoll sergeant (D:7)
  2 scorpions
  9 wights
  2 howler monkeys
  2 hounds
  2 orc priests (D:7)
  4 iguanas
  A sleepcap (D:4)
  5 orc wizards
  5 gnolls (D:7)
  9 adders
  7 river rats (Sewer)
  2 shadow imps
  2 white imps
  An ufetubus (D:3)
  3 worms (D:2)
  3 dart slugs (D:2)
  19 orcs
  8 endoplasms
  6 giant cockroaches
  6 goblins
  12 hobgoblins
  2 jackals (D:2)
  6 quokkas
  8 ball pythons
  4 bats
  9 frilled lizards
  25 kobolds
  19 rats
208 creatures vanquished.

Notes
Turn   | Place    | Note
-------+----------+-------------------------------------------
     0 | D:1      | heikuro the Formicid Fighter began the quest for the Orb.
     0 | D:1      | Reached XP level 1. HP: 18/18 MP: 1/1
    66 | D:1      | Reached XP level 2. HP: 14/24 MP: 2/2
    83 | D:1      | Found a faded altar of an unknown god.
    91 | D:1      | Prayed at the altar of an unknown god.
    91 | D:1      | Became a worshipper of Gozag Ym Sagoz the Greedy
   565 | D:1      | Reached XP level 3. HP: 23/29 MP: 3/3
  1019 | D:2      | Reached XP level 4. HP: 23/37 MP: 4/4
  1222 | D:2      | Reached skill level 1 in Evocations
  1306 | D:2      | Reached XP level 5. HP: 35/42 MP: 5/5
  1543 | D:3      | Found Jadov's Assorted Antiques.
  1548 | D:3      | Bought a pitted hand axe for 200 gold pieces
  1548 | D:3      | Identified the +7 hand axe of Conformity {flame, *Slow
                  | rC++} (You bought it in a shop on level 3 of the Dungeon)
  2176 | D:4      | Reached XP level 6. HP: 48/48 MP: 6/6
  2187 | D:4      | Reached skill level 5 in Shields
  2241 | D:4      | Noticed an ogre
  2245 | D:4      | Killed an ogre
  2327 | D:4      | Reached XP level 7. HP: 39/55 MP: 7/7
  2616 | D:4      | Identified the staff of the Dripping Wasp {rElec rF+ rN+
                  | Str+3 Necro}
  2663 | D:4      | Gained mutation: Your magical capacity is low. (-10% MP)
                  | [potion of mutation]
  2664 | D:4      | Lost mutation: Your magical capacity is low. (-10% MP)
                  | [potion of mutation]
  2664 | D:4      | Gained mutation: You occasionally lose the ability to read
                  | scrolls when taking damage. [potion of mutation]
  2664 | D:4      | Gained mutation: You are partially covered in iridescent
                  | scales. (AC +2) [potion of mutation]
  2664 | D:4      | Gained mutation: You are mostly covered in iridescent
                  | scales. (AC +4) [potion of mutation]
  2916 | D:5      | Entered Level 5 of the Dungeon
  3055 | D:5      | Found a glowing drain.
  3069 | Sewer    | Entered a sewer
  3123 | Sewer    | Reached skill level 5 in Axes
  3191 | Sewer    | Reached skill level 5 in Armour
  3248 | Sewer    | Reached XP level 8. HP: 48/61 MP: 8/8
  3420 | Sewer    | Reached skill level 5 in Fighting
  4408 | D:6      | Found Eplaeheh's Jewellery Boutique.
  4453 | D:6      | Reached XP level 9. HP: 69/69 MP: 9/9
  4462 | D:6      | Identified the +3 sling of Ignis's Delight {elec, Will-
                  | Str+4}
  5075 | D:7      | Noticed Jeremiah
  5121 | D:7      | HP: 2/66 [Jeremiah/+3 glaive of draining (2)]
  5401 | D:8      | Found an opulent altar of Gozag.
  5433 | D:8      | Reached skill level 5 in Evocations
  5593 | D:8      | Reached XP level 10. HP: 44/77 MP: 10/10
  5720 | D:8      | Found a shimmering blue altar of Sif Muna.
  6179 | D:7      | Noticed Pikel
  6234 | D:7      | Killed Pikel
  6527 | D:7      | Found a staircase to the Ecumenical Temple.
  6547 | Temple   | Entered the Ecumenical Temple
  6583 | D:7      | HP: 2/73 [something/ball of steam (14)]
  6585 | D:7      | Killed from afar by Jeremiah

Illustrated notes

Levels and vault maps discovered:
D:1:      giann_horns, layout_basic, ebering_ecumenical_altar_abandoned,
          dreamdust_princess_bridge, serial_park_tiny_pond, minmay_lizard_pond
D:2:      layout_rooms, minmay_tromino_v4_a
D:3:      layout_rooms, serial_shops, nicolae_shop_rolling_square,
          kennysheep_generic_room_7
D:4:      layout_loops_ring
D:5:      layout_basic, gup_sewer_entry_pipe
D:6:      layout_rooms, serial_shops, nicolae_shop_tiny_statue_garden
D:7:      layout_basic, minmay_temple_entry_large_hall,
          minmay_misc_feat_columns, kennysheep_cross_room, minivault_24,
          uniq_pikel, uniq_jeremiah
D:8:      layout_loops_corners, led_sif_book,
          nicolae_gozag_cash_rules_everything_around_me
Temple:   nicolae_temple_slightly_damp_pantheon

Skill      XL: |  1  2  3  4  5  6  7  8  9 10 |
---------------+-------------------------------+-----
Axes           | 3 4 5 6 7 8 |  8.6
Evocations     | 1 2 3 4 5 |  5.9
Armour         | 4 5 6 7 |  7.2
Fighting       | 4 5 6 7 |  7.2
Shields        | 5 6 7 8 |  8.4

Action                     |  1- 3 |  4- 6 |  7- 9 | 10-12 || total
---------------------------+-------+-------+-------+-------++-------
  Melee: War axe           |    89 |    53 |       |       ||   142
         Hand axe          |       |    42 |   257 |    95 ||   394
Ability: Dig               |       |     2 |       |     1 ||     3
         Shaft Self        |       |       |       |     1 ||     1
    Use: Scroll            |       |     5 |     5 |     2 ||    12
         Potion            |       |       |     5 |       ||     5
   Stab: Distracted        |     1 |       |     3 |     1 ||     5
 Armour: Scale mail        |    50 |    47 |    40 |       ||   137
         Chain mail        |       |       |    55 |    27 ||    82
  Dodge: Dodged            |    48 |    36 |    53 |     8 ||   145
  Block: Buckler           |    36 |    23 |       |       ||    59
         Tower shield      |       |     5 |   215 |    67 ||   287

Table legend: (Time is in decaauts)
 A = Elapsed time spent in this place.
 B = Non-inter-level travel time spent in this place.
 C = Inter-level travel time spent in this place.
 D = Time resting spent in this place.
 E = Time spent auto-exploring this place.
 F = Levels seen in this place.
 G = Mean time per level.
                   A        B        C        D        E       F      G
               +--------+--------+--------+--------+--------+-----+--------+
         Total |   6738 |   6419 |    319 |    616 |   3526 |  10 |  673.8 |
       Dungeon |   6127 |   5808 |    319 |    495 |   3448 |   8 |  765.9 |
        Temple |      1 |      1 |      0 |      0 |      0 |   1 |    1.0 |
         Sewer |    609 |    609 |      0 |    121 |     78 |   1 |  609.0 |
               +--------+--------+--------+--------+--------+-----+--------+

Top non-repeatable levels by time:
     D:4: 881 daAuts
     D:6: 862 daAuts
     D:8: 846 daAuts
     D:1: 835 daAuts
     D:5: 781 daAuts
     D:2: 708 daAuts
     D:7: 617 daAuts
   Sewer: 609 daAuts
     D:3: 594 daAuts
  Temple: 1 daAuts
